 Dungeon Crawl Stone Soup version 0.20.1-1-g8b1a95d (webtiles) character file.

12265 MovingMist the Blocker (level 11, -2/72 HPs)
             Began as a Gargoyle Fighter on Nov 15, 2017.
             Was a High Priest of Okawaru.
             Slain by Urug
             ... wielding a +5 battleaxe of flaming
              (3 damage)
             ... on level 2 of the Lair of Beasts.
             The game lasted 00:34:16 (8599 turns).

MovingMist the Blocker (Gargoyle Fighter)           Turns: 8599, Time: 00:34:18

Health: -2/72      AC: 20    Str: 26    XL:     11   Next: 90%
Magic:  11/11      EV:  6    Int:  9    God:    Okawaru [*****.]
Gold:   779        SH:  0    Dex:  7    Spells: 5/10 levels left

rFire    x . .     SeeInvis +   X - +2 war axe (flame)
rCold    + + .     Gourm    .   N - +2 large shield
rNeg     + . .     Faith    +   c - +0 plate armour
rPois    ∞         Spirit   .   T - +0 helmet {SInv}
rElec    +         Reflect  .   K - +1 cloak
rCorr    .         Harm     .   E - +0 pair of gloves (curse)
MR       .....                  w - +0 pair of boots
Stlth    ..........             i - amulet of faith
Regen    0.3/turn               o - ring of protection from cold
MPRegen  0.2/turn               L - ring of Suspected Treachery {Ice rPois Str+6 Dex-5}

@: confused, corroded
A: negative energy resistance 1, electricity resistance, unbreathing,
petrification resistance, rot immunity, AC +7
a: Heroism, Finesse, Renounce Religion


You were on level 2 of the Lair of Beasts.
You worshipped Okawaru.
Okawaru was extremely pleased with you.
You were hungry.

You visited 3 branches of the dungeon, and saw 12 of its levels.

You collected 1010 gold pieces.
You spent 231 gold pieces at shops.

Inventory:

Hand Weapons
 X - a +2 war axe of flaming (weapon)
Armour
 c - a +0 plate armour (worn)
 w - a +0 pair of boots (worn)
 y - a scarf of resistance
 E - a cursed +0 pair of gloves (worn)
 K - a +1 cloak (worn)
 N - a +2 large shield (worn)
 T - a +0 helmet of see invisible (worn)
Jewellery
 i - an amulet of faith (around neck)
 o - a ring of protection from cold (left hand)
 C - an uncursed amulet of magic regeneration {unknown}
 L - the ring of Suspected Treachery (right hand) {Ice rPois Str+6 Dex-5}
   (You found it on level 5 of the Dungeon)

   [ring of ice]

   It enhances your ice magic.
   It affects your strength (+6).
   It affects your dexterity (-5).
   It makes you vulnerable to fire.
   It protects you from cold.
   It protects you from poison.
 M - an uncursed amulet of guardian spirit {unknown}
 U - an uncursed amulet of regeneration {unknown}
Wands
 b - a wand of flame (35/48)
 t - a wand of flame (42/48)
 I - a wand of polymorph (12/24)
 O - a wand of flame (35/48)
 Q - a wand of lightning (4/15)
 V - a wand of paralysis (8/24)
Scrolls
 a - a scroll of random uselessness {unknown}
 g - 4 scrolls of identify {unknown}
 h - 7 scrolls of remove curse {unknown}
 j - 2 scrolls of recharging {unknown}
 q - a scroll of acquirement {unknown}
 r - 4 scrolls of enchant weapon {unknown}
 v - 5 scrolls of teleportation {unknown}
 z - 4 scrolls of magic mapping {unknown}
 A - a scroll of immolation {unknown}
 B - a scroll of noise {unknown}
 D - 3 scrolls of enchant armour {unknown}
 R - a scroll of amnesia {unknown}
Potions
 d - a potion of might
 e - 4 potions of ambrosia
 l - a potion of agility {unknown}
 m - 5 potions of curing {unknown}
 n - 5 potions of invisibility {unknown}
 p - 2 potions of brilliance {unknown}
 s - 4 potions of degeneration {unknown}
 u - 4 potions of haste {unknown}
 x - 2 potions of heal wounds {unknown}
 F - 2 potions of mutation {unknown}
 J - a potion of flight {unknown}
Books
 G - a book of Battle

   Spells                             Type                      Level
   a - Infusion                       Charms                       1
   b - Shroud of Golubria             Charms/Translocation         2
   c - Song of Slaying                Charms                       2
   d - Spectral Weapon                Hexes/Charms                 3
   e - Regeneration                   Charms/Necromancy            3
 S - a book of Party Tricks

   Spells                             Type                      Level
   a - Summon Butterflies             Summoning                    1
   b - Apportation                    Translocation                1
   c - Lesser Beckoning               Translocation                3
   d - Tukima's Dance                 Hexes                        3
   e - Alistair's Intoxication        Transmutation/Poison         5
   f - Invisibility                   Hexes                        6
Comestibles
 f - 6 bread rations
 k - 3 royal jellies
 H - 2 meat rations
 P - 25 fruits
 W - 11 chunks of flesh


   Skills:
 + Level 9.7 Fighting
 + Level 7.6(7.8) Axes
   Level 2.4(5.8) Maces & Flails
 + Level 9.3 Armour
 - Level 6.0 Dodging
 * Level 10.9 Shields


You had 5 spell levels left.
You knew the following spells:

 Your Spells              Type           Power        Failure   Level  Hunger
a - Regeneration          Chrm/Necr      #.........   100%        3    ####...
b - Song of Slaying       Chrm           #.......     100%        2    ###....


Dungeon Overview and Level Annotations

Branches:
Dungeon (9/15)             Temple (1/1) D:4            Lair (2/6) D:8
 Shoals (0/4) Lair:2
  Snake: Lair:2-4    Spider: Lair:2-4       Orc: D:9-12

Altars:
Ashenzari
Cheibriados
Dithmenos
Elyvilon
Fedhas
Gozag
Hepliaklqana
Kikubaaqudgha
Makhleb
Nemelex Xobeh
Okawaru
Qazlal
Ru
Sif Muna
Trog
Uskayaw
Vehumet
Xom
Yredelemnul
Zin
The Shining One

Shops:
D:6 [

Annotations:
Lair:2 Urug


Innate Abilities, Weirdness & Mutations

You are resistant to torment.
Your stone body is resilient. (AC +7)
You are immune to poison.
You resist negative energy. (rN+)
You are resistant to electric shocks. (rElec)
You can survive without breathing.
You are immune to petrification.
You are immune to rotting.


Message History

Urug zaps a wand.
The bolt of acid hits you!
* * * LOW HITPOINT WARNING * * *
The acid corrodes you!
You are splashed with acid!
The acid burns!
* * * LOW HITPOINT WARNING * * *
You closely miss Urug.
Urug is heavily wounded.
Urug hits you with a battleaxe of flaming.
* * * LOW HITPOINT WARNING * * *
Urug burns you.
* * * LOW HITPOINT WARNING * * *
You closely miss Urug.
Urug is heavily wounded.
You block Urug's attack.
It was a potion of ambrosia.
You are confused.
You feel invigorated.
Urug hits you with a battleaxe of flaming.
* * * LOW HITPOINT WARNING * * *
Urug burns you.
You die...

........'....>..#.....# ##.
#.P#....##......##....#....
#.......##......##.....#...
...#....##......P#........ .
...+....##......##....... ..
.##......#.............# .#
.#......##......#.....##.##.
........#####P#.....?(......
........P.#.###o@..%..(.....
..............÷.............
#..###.####...###..##P#.##..
#### ### ###..###P# ## #
#### ###


You could see Urug.

Vanquished Creatures
  2 hydras
  An unseen horror (D:9)
  Pikel (D:4)
  A black mamba (Lair:1)
  2 trolls
  2 hippogriffs
  3 blink frogs (Lair:1)
  The ghost of Regeox the Chopper, an amateur HOFi (D:5)
  19 yaks
  3 water moccasins
  A sky beast (D:9)
  4 orc warriors (D:8)
  An ice beast (D:7)
  6 ogres
  3 phantoms
  6 wolves (Lair:1)
  5 centaurs
  3 crocodiles (Lair:1)
  9 bullfrogs
  2 big kobolds
  Blork the orc (D:4)
  4 scorpions
  5 killer bees (D:9)
  4 wights (D:8)
  A howler monkey (D:7)
  2 bullfrog zombies
  6 crimson imps
  The ghost of Krapule the Conjurer, a weakling DECj (D:3)
  A bullfrog skeleton (D:4)
  3 hounds
  4 orc priests
  2 jellies (D:8)
  A centaur skeleton (D:9)
  An iguana (D:7)
  5 orc wizards
  6 worker ants
  Natasha (D:4)
  A hound skeleton (D:9)
  A howler monkey zombie (D:6)
  12 gnolls
  2 worker ant zombies
  10 adders
  3 shadow imps
  4 oozes
  3 adder zombies
  An adder skeleton (D:9)
  2 worms
  A dart slug (D:1)
  4 leopard geckos
  44 orcs
  3 giant cockroaches
  3 goblins (D:1)
  6 hobgoblins
  9 jackals
  2 quokkas
  13 bats
  9 frilled lizards
  7 kobolds
  8 rats
  A spectral orc (D:7)
  2 fungi
274 creatures vanquished.

Vanquished Creatures (others)
  A slave (D:4)
  Natasha (twice) (D:4)
  A worker ant (D:4)
4 creatures vanquished.

Grand Total: 278 creatures vanquished

Notes
Turn   | Place    | Note
-------+----------+-------------------------------------------
     0 | D:1      | MovingMist the Gargoyle Fighter began the quest for the Orb.
     0 | D:1      | Reached XP level 1. HP: 14/14 MP: 1/1
   482 | D:1      | Reached XP level 2. HP: 8/19 MP: 2/2
   703 | D:1      | Reached skill level 1 in Dodging
   848 | D:1      | Reached XP level 3. HP: 23/23 MP: 3/3
  1357 | D:2      | Found a shattered altar of Ashenzari.
  1374 | D:2      | Reached XP level 4. HP: 29/29 MP: 4/4
  1565 | D:3      | Noticed Krapule's ghost (weakling DECj)
  1575 | D:3      | Reached skill level 1 in Axes
  1586 | D:3      | Killed Krapule's ghost
  1718 | D:2      | Reached XP level 5. HP: 21/33 MP: 5/5
  2345 | D:4      | Noticed Pikel
  2345 | D:4      | Noticed a slave
  2345 | D:4      | Noticed a slave
  2345 | D:4      | Noticed a slave
  2389 | D:4      | Reached XP level 6. HP: 33/38 MP: 6/6
  2390 | D:4      | Noticed Blork the orc
  2395 | D:4      | Killed Blork the orc
  2453 | D:4      | Noticed Natasha
  2456 | D:4      | Killed Natasha
  2587 | D:4      | Reached XP level 7. HP: 37/44 MP: 7/7
  2621 | D:4      | Found a staircase to the Ecumenical Temple.
  2627 | Temple   | Entered the Ecumenical Temple
  2798 | D:4      | Noticed Natasha
  2815 | D:4      | Killed Pikel
  2815 | D:4      | Reached skill level 5 in Fighting
  2815 | D:4      | Reached skill level 5 in Armour
  2815 | D:4      | Reached XP level 8. HP: 50/50 MP: 8/8
  2821 | D:4      | Killed Natasha
  2829 | D:4      | Noticed Natasha
  2835 | D:4      | Killed Natasha
  3260 | D:5      | Entered Level 5 of the Dungeon
  3286 | D:5      | Got a faintly glowing bronze ring
  3293 | D:5      | Noticed Regeox's ghost (amateur HOFi)
  3313 | D:5      | Killed Regeox's ghost
  3313 | D:5      | Reached skill level 5 in Dodging
  4275 | Temple   | Became a worshipper of the Shining One
  4505 | D:6      | Found a faded altar of an unknown god.
  4505 | D:6      | Found a glowing silver altar of Zin.
  4510 | D:6      | Found a faded altar of an unknown god.
  4512 | D:6      | Found a radiant altar of Vehumet.
  4514 | D:6      | Found a burning altar of Makhleb.
  4575 | D:6      | Reached XP level 9. HP: 52/55 MP: 9/9
  4659 | D:6      | Found Casaq's Armour Boutique.
  4672 | D:6      | Bought a +2 large shield for 231 gold pieces
  4721 | D:6      | Identified the ring of Suspected Treachery {Ice rPois Str+6 Dex-5} (You found it on level 5 of the Dungeon)
  4926 | D:7      | Reached * piety under the Shining One
  4944 | D:7      | Reached skill level 4 in Shields
  5084 | D:7      | Reached skill level 5 in Shields
  5094 | D:7      | Reached skill level 5 in Axes
  5258 | D:7      | Reached skill level 6 in Shields
  5270 | D:7      | Found a basalt altar of Yredelemnul.
  5311 | D:7      | Reached XP level 10. HP: 62/63 MP: 10/10
  5323 | D:8      | Found a hide-covered altar of Uskayaw.
  5350 | D:8      | Reached ** piety under the Shining One
  5427 | D:8      | Reached skill level 7 in Shields
  5573 | D:8      | Found a staircase to the Lair.
  5847 | D:8      | Found an iron altar of Okawaru.
  5847 | D:8      | Found a bloodstained altar of Trog.
  5869 | D:8      | Fell from the grace of the Shining One
  5869 | D:8      | Became a worshipper of Warmaster Okawaru
  6154 | D:9      | Reached skill level 8 in Shields
  6274 | D:9      | Noticed a seven-headed hydra
  6283 | D:9      | Killed a three-headed hydra
  6283 | D:9      | Reached * piety under Okawaru
  6318 | D:9      | Noticed an unseen horror
  6349 | D:9      | Killed an unseen horror
  6349 | D:9      | Reached skill level 9 in Shields
  6349 | D:9      | Reached XP level 11. HP: 14/69 MP: 11/11
  6351 | D:9      | Reached ** piety under Okawaru
  6669 | D:9      | Learned a level 3 spell: Regeneration
  6672 | D:9      | Learned a level 2 spell: Song of Slaying
  7473 | Lair:1   | Entered Level 1 of the Lair of Beasts
  7608 | Lair:1   | Reached *** piety under Okawaru
  7746 | Lair:1   | Reached skill level 10 in Shields
  7764 | Lair:1   | Reached **** piety under Okawaru
  8475 | Lair:2   | Found a staircase to the Shoals.
  8491 | Lair:2   | Noticed a six-headed hydra
  8513 | Lair:2   | Killed a two-headed hydra
  8584 | Lair:2   | Reached ***** piety under Okawaru
  8585 | Lair:2   | Noticed Urug
  8597 | Lair:2   | HP: 2/72 [Urug/battleaxe of flaming (4)]
  8599 | Lair:2   | Slain by Urug

Skill      XL: |  1  2  3  4  5  6  7  8  9 10 11 |
---------------+----------------------------------+-----
Dodging        | 1 2 3 4 5 6 |  6.0
Axes           | 1 2 3 4 5 6 7 |  7.6
Fighting       | 4 5 6 7 8 9 |  9.7
Armour         | 4 5 6 7 8 9 |  9.3
Shields        | 6 9 10 | 10.9
Maces & Flails | |  2.4

Action                   |  1- 3 |  4- 6 |  7- 9 | 10-12 || total
-------------------------+-------+-------+-------+-------++-------
Melee: Flail             |   124 |       |       |       ||   124
       War axe           |    54 |   137 |   270 |   548 ||  1009
       Unarmed           |       |       |     9 |       ||     9
  Use: Potion            |       |       |       |     2 ||     2
  Eat: Chunk             |     2 |     4 |     9 |    12 ||    27
Armor: Scale mail        |   117 |    65 |       |       ||   182
       Chain mail        |       |     7 |   137 |   122 ||   266
       Skin              |       |       |     2 |       ||     2
       Plate armour      |       |       |       |   152 ||   152
Dodge: Dodged            |    71 |    43 |    55 |   119 ||   288
Block: Shield            |   106 |    84 |    74 |       ||   264
       Large shield      |       |       |    70 |   662 ||   732
